 Dungeon Crawl Stone Soup version 0.22.1-1-ga44c0e56f4 (webtiles) character file.

107 Revguard the Twirler (level 4, -2/37 HPs)
             Began as a Draconian Gladiator on Oct 27, 2018.
             Slain by a worker ant (4 damage)
             ... on level 4 of the Dungeon.
             The game lasted 00:07:36 (2905 turns).

Revguard the Twirler (Draconian Gladiator)          Turns: 2905, Time: 00:07:38

Health: -2/37      AC:  5    Str: 17    XL:     4   Next: 57%
Magic:  6/6        EV: 13    Int:  9    God:
Gold:   87         SH:  0    Dex: 14    Spells: 6/6 levels left

rFire    . . .     SeeInvis .   p - +0 lajatang
rCold    . . .     Gourm    .   (shield currently unavailable)
rNeg     . . .     Faith    .   (armour unavailable)
rPois    +         Spirit   .   b - +0 hat
rElec    .         Reflect  .   (no cloak)
rCorr    .         Harm     .   (no gloves)
MR       .....                  (no boots)
Stlth    +.........             (no amulet)
HPRegen  0.12/turn              w - +2 ring of dexterity
MPRegen  0.10/turn              u - ring of poison resistance

@: no status effects
A: unfitting armour, cold-blooded, AC +5
a: no special abilities


You were on level 4 of the Dungeon.
You were very hungry.

You visited 1 branch of the dungeon, and saw 4 of its levels.

You collected 87 gold pieces.

Inventory:

Hand Weapons
 a - a +0 quarterstaff
 p - a +0 lajatang (weapon)
Missiles
 c - 3 throwing nets (quivered)
Armour
 b - a +0 hat (worn)
Jewellery
 k - an uncursed ring of flight
 u - a ring of poison resistance (right hand)
 w - a +2 ring of dexterity (left hand)
Scrolls
 e - a scroll of blinking {unknown}
 f - 2 scrolls of identify {unknown}
 g - 2 scrolls of fog {unknown}
 i - a scroll of enchant armour {unknown}
 j - a scroll of immolation {unknown}
 l - a scroll of remove curse {unknown}
 q - a scroll of amnesia {unknown}
 s - a scroll of fear {unknown}
 v - a scroll of magic mapping {unknown}
Potions
 h - a potion of brilliance {unknown}
 m - a potion of curing {unknown}
 n - a potion of flight {unknown}
 o - a potion of might {unknown}
 r - a potion of ambrosia {unknown}
 t - a potion of heal wounds {unknown}
Comestibles
 d - 7 rations


   Skills:
 + Level 2.7 Fighting
 + Level 4.2 Staves
 - Level 1.7 Throwing
 + Level 3.1 Dodging
 * Level 1.6 Spellcasting
 * Level 0.6 Evocations


You had 6 spell levels left.
You didn't know any spells.
Your spell library was empty.

Dungeon Overview and Level Annotations

Branches:
Dungeon (4/15)
 Temple: D:4-7

Altars:
Kikubaaqudgha

Annotations:
D:4 Pikel


Innate Abilities, Weirdness & Mutations

Your plain brown scales are hard. (AC +5)
You cannot fit into any form of body armour.
You are cold-blooded and may be slowed by cold attacks.


Message History

There is a stone staircase leading up, spattered with blood here.
You hit the slave but do no damage.
You tail-slap the slave, but do no damage.
The slave hits you. x2; The slave barely misses you.
You slash the slave!
Your tail-slap misses the slave.
The slave is moderately wounded.
The slave hits you. The worker ant closely misses you. The slave hits you.
The slave closely misses you.
You hit the worker ant.
The worker ant is moderately wounded.
The worker ant barely misses you. The slave hits you. x2
* * * LOW HITPOINT WARNING * * *
You hit the worker ant. You tail-slap the worker ant.
The worker ant is severely wounded.
The worker ant closely misses you. The slave hits you.
* * * LOW HITPOINT WARNING * * *
The slave hits you.
* * * LOW HITPOINT WARNING * * *
The worker ant bites you.
You die...

##..>##
###.^####..#
##........#
#
#..########
#. ##..#
#..#####..##
#........#
##...pap.#
#####@###
###


You could see 2 slaves and a worker ant.

Vanquished Creatures
  A slave (D:3)
  2 adders
  2 worms
  A dart slug (D:1)
  3 leopard geckos
  2 orcs (D:3)
  A giant cockroach (D:2)
  10 goblins
  6 hobgoblins
  11 jackals
  10 kobolds
  2 quokkas
  6 bats
  8 frilled lizards
  9 rats
74 creatures vanquished.

Notes
Turn   | Place    | Note
-------+----------+-------------------------------------------
     0 | D:1      | Revguard the Draconian Gladiator began the quest for the
                  | Orb.
     0 | D:1      | Reached XP level 1. HP: 17/17 MP: 1/1
   198 | D:1      | Reached XP level 2. HP: 24/24 MP: 2/2
   822 | D:1      | Reached XP level 3. HP: 29/30 MP: 4/4
   980 | D:1      | Reached skill level 1 in Spellcasting
  1645 | D:2      | Reached XP level 4. HP: 35/37 MP: 4/6
  1654 | D:2      | Reached skill level 4 in Staves
  2144 | D:3      | Found an ancient bone altar of Kikubaaqudgha.
  2797 | D:4      | Noticed Pikel
  2797 | D:4      | Noticed a slave
  2797 | D:4      | Noticed a slave
  2797 | D:4      | Noticed a slave
  2821 | D:3      | Killed a slave
  2905 | D:4      | Slain by a worker ant

Skill      XL: |  1  2  3  4 |
---------------+-------------+-----
Dodging        | 3 |  3.1
Spellcasting   | 1 |  1.6
Staves         | 4 |  4.2
Fighting       | |  2.7
Throwing       | |  1.7
Evocations     | |  0.6

Action                   |  1- 3 |  4- 6 || total
-------------------------+-------+-------++-------
Melee: Quarterstaff      |   126 |    12 ||   138
       Tailslap          |    11 |     9 ||    20
       Lajatang          |       |    52 ||    52
  Eat: Chunk             |     2 |       ||     2
       Ration            |       |     1 ||     1
Armor: Skin              |    43 |    28 ||    71
Dodge: Dodged            |   106 |    78 ||   184
